 Dungeon Crawl Stone Soup version 0.30-a0-476-g330ca2eb8e (webtiles) character file.

Game seed: 12587954003002102407

68084 bmack86 the Severer (level 14, -10/140 HPs)
             Began as a Minotaur Fighter on Dec 21, 2022.
             Was a High Priest of Okawaru.
             Killed by divine providence
             ... invoked by an orc priest
              (12 damage)
             ... on level 2 of the Orcish Mines on Dec 22, 2022.
             The game lasted 01:23:37 (14930 turns).

bmack86 the Severer (Minotaur Fighter)             Turns: 14930, Time: 01:23:38

Health: -10/140    AC: 40    Str: 25    XL:     14   Next: 85%
Magic:  10/16      EV: 14    Int:  5    God:    Okawaru [*****.]
Gold:   1054       SH: 14    Dex: 11    Spells: 13/13 levels left

rFire   . . .      SeeInvis .    a - +4 war axe (spect)
rCold   . . .      Faith    .    H - +0 kite shield {AC+3}
rNeg    . . .      Spirit   .    R - +18 Lear's hauberk
rPois   +          Reflect  .    (helmet currently unavailable)
rElec   .          Harm     .    u - +2 cloak
rCorr   .          Rampage  .    (gloves currently unavailable)
Will    +....                    (boots currently unavailable)
Stlth   ..........               e - amulet of regeneration
HPRegen 1.23/turn                E - +4 ring of evasion
MPRegen 0.15/turn                D - ring of Duziaphy {rPois Slay+6}

@: heroic, finesse-ful
A: horns 2, retaliatory headbutt
a: Renounce Religion, Heroism, Finesse, Duel


You were on level 2 of the Orcish Mines.
You worshipped Okawaru.
Okawaru was extremely pleased with you.
You visited 3 branches of the dungeon, and saw 18 of its levels.
You also visited: Gauntlet.

You collected 2435 gold pieces.
You spent 1381 gold pieces at shops.

Inventory:

Hand Weapons
 a - a +4 spectral war axe (weapon)
 X - a +0 battleaxe
Missiles
 h - 30 poisoned darts (quivered)
 k - 2 silver javelins
 t - 13 atropa-tipped darts
 N - 2 throwing nets
 O - 11 javelins
Armour
 r - the +2 pair of gloves of Gued {+Blink Regen+}
   (You acquired it on level 4 of the Dungeon)

   +Blink:    It lets you blink.
   Regen:     It increases your rate of health regeneration.
 u - a +2 cloak (worn)
 H - a +0 kite shield of protection (worn)
 I - a +4 plate armour
 R - the +18 Lear's hauberk (worn)
   (You took it off a minotaur in a Gauntlet)
 Y - a +2 pair of boots of flying
Jewellery
 e - an amulet of regeneration (around neck)
 s - a +6 ring of dexterity
 v - a +6 ring of intelligence
 A - a ring of resist corrosion
 B - a ring of protection from fire
 D - the ring of Duziaphy (right hand) {rPois Slay+6}
   (You found it on level 5 of the Dungeon)

   [ring of poison resistance]

   Slay:      It affects your accuracy & damage with ranged weapons and melee
   (+6).
   rPois:     It protects you from poison.
 E - a +4 ring of evasion (left hand)
Wands
 b - a wand of flame (39)
 q - a wand of quicksilver (3)
 J - a wand of polymorph (10)
 T - a wand of digging (8)
 V - a wand of iceblast (12)
Scrolls
 c - a scroll of blinking
 m - 2 scrolls of silence
 o - 7 scrolls of teleportation
 x - a scroll of immolation
 y - 2 scrolls of poison
 L - a scroll of fog
 M - 3 scrolls of magic mapping
 S - 3 scrolls of fear
 W - a scroll of identify
Potions
 d - 3 potions of might
 f - 3 potions of invisibility
 g - 2 potions of mutation
 i - 13 potions of curing
 j - 4 potions of haste
 l - 6 potions of lignification
 n - a potion of berserk rage
 w - 2 potions of magic
 z - 2 potions of cancellation
 C - a potion of heal wounds
 K - a potion of attraction
 P - a potion of resistance
 Q - 2 potions of brilliance
Miscellaneous
 p - a phial of floods


   Skills:
 + Level 17.6(22.6) Fighting
 - Level 18.0(23.0) Axes
 - Level 5.0(10.0) Throwing
 + Level 14.8(19.8) Armour
 + Level 14.7(19.7) Shields
 - Level 5.0 Invocations


You had 13 spell levels left.
You didn't know any spells.
Your spell library contained the following spells:

 Spells                   Type           Power      Damage    Failure   Level
 Ensorcelled Hibernation  Hex/Ice        0%         N/A       98%         2
 Passwall                 Tmut/Erth      0%         N/A       98%         2
 Ignite Poison            Fire/Tmut/Pois 0%         N/A       100%        3
 Kindle Blastsparks       Fire/Tloc/Air  0%         2d10      100%        3
 Swiftness                Air            0%         N/A       100%        3
 Fulminant Prism          Conj/Hex       0%         3d5       100%        4
 Iskenderun's Mystic Bla  Conj/Tloc      0%         2d3       100%        4
 Manifold Assault         Tloc           0%         N/A       100%        4
 Freezing Cloud           Conj/Ice/Air   0%         6-21      100%        5
 Iskenderun's Battlesphe  Conj           0%         2d6       100%        5
 Lee's Rapid Deconstruct  Erth           0%         3d4*      100%        5
 Dispersal                Tloc           0%         N/A       100%        6
 Iron Shot                Conj/Erth      0%         9d1       100%        6
 Orb of Destruction       Conj           0%         9d5       100%        7
 Disjunction              Tloc           0%         N/A       100%        8
 Summon Guardian Golem    Hex/Summ       Unusable   N/A       N/A         3
 Spellforged Servitor     Conj/Summ      Unusable   N/A       N/A         7

Dungeon Overview and Level Annotations

Branches:
Dungeon (11/15)            Temple (0/1) D:7            Lair (5/5) D:11
 Shoals (0/4) Lair:3        Snake (0/4) Lair:2        Slime (0/5) Lair:5
    Orc (2/2) D:10            Elf (0/3) Orc:2       Gauntlet (visited)

Altars:
Kikubaaqudgha
Okawaru
Ru
Sif Muna
Trog
Uskayaw
Vehumet
Wu Jian
The Shining One
Jiyva

Shops:
D:1 !   D:2 *(?*   D:9 :   Orc:1 [

Annotations:
Lair:5 exclusion: oklob plant


Innate Abilities, Weirdness & Mutations

You have a pair of horns on your head.
You reflexively headbutt those who attack you in melee.


Message History

Okawaru accepts your kill.
Your +4 spectral war axe hits the orc wizard!
Your +4 spectral war axe hits the orc high priest.
Your +4 spectral war axe hits the orc warrior!
Your +4 spectral war axe hits the orc priest!
Your +4 spectral war axe hits the orange demon!
You hear a shout!
You block the orange demon's attack.
You slice the orc wizard!!
You kill the orc wizard!
Okawaru accepts your kill.
Unknown command.
An orc priest comes into view. It is wielding a +0 short sword.
The orc priest shouts!
You hear a shout!
The orc high priest hits you but does no damage.
The orc warrior throws a boomerang.
The boomerang closely misses you.
The orc priest calls upon Beogh to heal the orc warrior.
The orc warrior is healed somewhat.
The orange demon stings you from afar.
* * * LOW HITPOINT WARNING * * *
The orange demon stings you but does no damage.
You hear a shout!
Items here: )) [[ †.
You slice the orc priest!!
You kill the orc priest!
Okawaru accepts your kill.
You closely miss the orc warrior. You closely miss the orc wizard.
Your +4 spectral war axe closely misses the orc warrior.
You block the orc warrior's attack.
The orc priest calls down the wrath of Beogh upon you.
Beogh smites you!
* * * LOW HITPOINT WARNING * * *
The orc wizard casts a spell.
The orc wizard flickers and vanishes!
The orc high priest barely misses you. The orange demon closely misses you.
You hear a shout!
You swap places.
An orc priest comes into view. It is wielding a +1 flail of draining.
The orc priest mumbles some strange prayers to Beogh against you.
Beogh smites you!
You die... ........## .........## #..#.....o ..........# #..#4{..o. ..........# #..#ooooo

#.........## #..#44.o
##.........####..#o4#
###..........##..4oo#
.#..........#$.))oo.#
................@§4.#
........##.##))..#o.#
........#######..#ooo.#
.........# #..#..ooo#
......#.## #..#.......
......### #..#....{.#
......# #..##......
.....#### #... #.....
.))...#.#


You could see 2 orc high priests, 2 orange demons, 2 hellwings, a rust devil
(summoned), 4 orc warriors, 9 orc priests and 4 orc wizards.

Vanquished Creatures
  A minotaur (Gauntlet)
  4 hydras
  3 catoblepae (Lair:5)
  3 boulder beetles
  Erica (Lair:1)
  4 two-headed ogres
  12 death yaks
  Pikel (D:5)
  A necromancer (Lair:5)
  The ghost of Encipher the Cleaver, a novice FoMo of Ru (D:6)
  3 manticores
  A worldbinder (Gauntlet)
  3 cyclopes (D:11)
  11 elephants
  2 torpor snails
  5 black mambas
  The ghost of cforsyth the Digger, a novice GrEE of Vehumet (D:5)
  10 cane toads
  4 rime drakes
  8 komodo dragons
  An unseen horror (D:11)
  A queen bee (Gauntlet)
  5 hornets
  5 trolls
  Grinder (D:5)
  2 polar bears
  17 blink frogs
  11 dream sheep (Lair:5)
  2 wraiths (D:10)
  106 yaks
  8 wyverns
  The ghost of Darkkill the Shooter, an amateur MiHu (D:4)
  6 shadows
  7 spriggans (Lair:1)
  4 basilisks
  A steam dragon (Lair:2)
  3 nagas (Lair:2)
  3 acid dragons
  2 swamp worms (Lair:2)
  11 water moccasins
  8 orc warriors
  3 ice beasts
  A black bear (D:7)
  3 boggarts (Gauntlet)
  6 ogres
  3 centaurs
  A phantom (D:6)
  2 lemures (D:5)
  4 kobold brigands
  12 bullfrogs
  A necrophage (D:6)
  3 scorpions
  4 wights (D:8)
  22 killer bees
  2 electric eels
  6 howler monkeys
  2 hounds (D:5)
  4 quasits (D:5)
  13 orc priests
  3 jellies
  14 orc wizards
  2 iguanas
  5 polar bear simulacra (Lair:5)
  2 yak simulacra (Lair:5)
  3 wolf simulacra (Lair:5)
  A centaur simulacrum (D:10)
  Robin (D:3)
  9 gnolls
  7 adders
  3 shadow imps
  A white imp (D:6)
  3 worms (D:3)
  2 dart slugs
  49 orcs
  8 ball pythons
  6 endoplasms
  4 giant cockroaches
  26 goblins
  6 hobgoblins
  6 jackals (D:3)
  4 bats
  3 frilled lizards
  23 kobolds
  5 rats
  A river rat simulacrum (Lair:5)
  A plant (Lair:5)
574 creatures vanquished.

Vanquished Creatures (others)
  8 fungi
  45 plants
53 creatures vanquished.

Grand Total: 627 creatures vanquished

Notes
Turn   | Place    | Note
-------+----------+-------------------------------------------
     0 | D:1      | bmack86 the Minotaur Fighter began the quest for the Orb.
     0 | D:1      | Reached XP level 1. HP: 19/19 MP: 0/0
   227 | D:1      | Reached XP level 2. HP: 27/27 MP: 1/1
   285 | D:1      | Reached skill level 3 in Axes
   451 | D:1      | Found Igotz's Distillery.
   783 | D:2      | Found Vecosingui's Magic Scroll Emporium.
   863 | D:2      | Reached XP level 3. HP: 33/33 MP: 2/2
   962 | D:2      | You fall into a shaft and drop 2 floors!
  1003 | D:3      | Found a sacrificial altar of Ru.
  1035 | D:3      | Reached XP level 4. HP: 40/40 MP: 3/3
  1142 | D:2      | Found Neril's Assorted Antiques.
  1228 | D:2      | Reached skill level 4 in Axes
  1300 | D:2      | Found Ilut's Antique Weapon Emporium.
  1311 | D:2      | Found Gomnopy's Assorted Antiques.
  1667 | D:3      | Reached skill level 1 in Throwing
  1826 | D:3      | Reached XP level 5. HP: 47/47 MP: 4/4
  2110 | D:3      | Noticed Robin
  2125 | D:3      | Killed Robin
  2493 | D:4      | Identified the +5 ring mail "Wuelorghi" {rPois Will+ rCorr
                  | Str+2}
  2595 | D:4      | Reached skill level 5 in Axes
  2595 | D:4      | Reached XP level 6. HP: 53/53 MP: 5/5
  2609 | D:4      | Found a runed translucent door.
  2627 | D:4      | Noticed Darkkill's ghost (amateur MiHu)
  2770 | D:4      | Reached skill level 5 in Fighting
  2847 | D:4      | Found an iron altar of Okawaru.
  2853 | D:4      | Became a worshipper of Warmaster Okawaru
  2982 | D:4      | Killed Darkkill's ghost
  2983 | D:4      | Reached skill level 5 in Armour
  2983 | D:4      | Reached skill level 5 in Shields
  2983 | D:4      | Reached XP level 7. HP: 58/61 MP: 6/6
  3034 | D:4      | Identified 2 scrolls of acquirement
  3034 | D:4      | Acquired 812 gold pieces
  3038 | D:4      | Acquired the +2 pair of gloves of Gued {+Blink Regen+}
  3070 | D:2      | Bought a runed cloak for 187 gold pieces
  3070 | D:2      | Bought a scratched marble ring for 125 gold pieces
  3156 | D:2      | Bought a scroll of enchant weapon for 97 gold pieces
  3321 | D:5      | Entered Level 5 of the Dungeon
  3338 | D:5      | Reached skill level 6 in Axes
  3343 | D:5      | Found a transporter.
  3345 | D:5      | Identified the ring of Duziaphy {rPois Slay+6}
  3399 | D:5      | Noticed cforsyth's ghost (novice GrEE)
  3457 | D:5      | Found a transporter.
  3467 | D:5      | Noticed Pikel
  3478 | D:5      | Killed Pikel
  3478 | D:5      | Reached * piety under Okawaru
  3479 | D:5      | Reached skill level 7 in Axes
  3479 | D:5      | Reached XP level 8. HP: 63/70 MP: 7/7
  3503 | D:5      | Reached ** piety under Okawaru
  3508 | D:5      | Killed cforsyth's ghost
  3509 | D:5      | Reached skill level 8 in Axes
  3509 | D:5      | Reached skill level 1 in Invocations
  3575 | D:5      | Found a glowing golden altar of the Shining One.
  3575 | D:5      | Found a hide-covered altar of Uskayaw.
  3620 | D:5      | Found an ornate altar of the Wu Jian Council.
  3623 | D:5      | Noticed Grinder
  3632 | D:5      | Killed Grinder
  3670 | D:5      | Reached XP level 9. HP: 78/78 MP: 6/9
  3975 | D:6      | Found the +4 robe of Folly {Brilliance Will-∞ Int+8}
  4180 | D:6      | Found a large runed translucent door.
  4181 | D:6      | Found a large runed translucent door.
  4216 | D:6      | Found an ancient bone altar of Kikubaaqudgha.
  4232 | D:6      | Found a shimmering blue altar of Sif Muna.
  4237 | D:6      | Reached skill level 9 in Axes
  4284 | D:6      | Found a runed translucent gate.
  4284 | D:6      | Found a runed translucent gate.
  4284 | D:6      | Found a runed translucent gate.
  4289 | D:6      | Noticed Encipher's ghost (novice FoMo)
  4304 | D:6      | Killed Encipher's ghost
  4304 | D:6      | Reached *** piety under Okawaru
  4566 | D:7      | Found a bloodstained altar of Trog.
  4596 | D:7      | Reached skill level 5 in Throwing
  4630 | D:7      | Found a staircase to the Ecumenical Temple.
  4879 | D:7      | Reached skill level 10 in Axes
  5112 | D:8      | Reached XP level 10. HP: 88/88 MP: 9/11
  5125 | D:8      | Reached **** piety under Okawaru
  5217 | D:8      | Reached skill level 11 in Axes
  5749 | D:9      | Found Xifofit's Self-Improvement Boutique.
  5766 | D:9      | Bought a manual of Fighting for 800 gold pieces
  5986 | D:9      | Identified the +5 rapier "Kotweuna" {flame, rC+ rN+}
  6060 | D:9      | Reached skill level 5 in Invocations
  6420 | D:10     | Entered Level 10 of the Dungeon
  6438 | D:10     | Reached XP level 11. HP: 97/97 MP: 10/13
  6444 | D:10     | Reached skill level 12 in Axes
  6525 | D:10     | Found a radiant altar of Vehumet.
  6707 | D:10     | Reached skill level 10 in Fighting
  6798 | D:10     | Noticed a boulder beetle
  6798 | D:10     | Noticed a two-headed ogre
  6798 | D:10     | Noticed a two-headed ogre
  6798 | D:10     | Noticed a six-headed hydra
  6805 | D:10     | Killed a two-headed ogre
  6813 | D:10     | Killed a 13-headed hydra
  6816 | D:10     | Killed a two-headed ogre
  6817 | D:10     | Reached skill level 13 in Axes
  6824 | D:10     | Killed a boulder beetle
  6824 | D:10     | Reached ***** piety under Okawaru
  6825 | D:10     | Reached skill level 10 in Armour
  6919 | D:10     | Reached skill level 10 in Shields
  6998 | D:10     | Found a staircase to the Orcish Mines.
  7305 | D:11     | Noticed a boulder beetle
  7324 | D:11     | Received a gift from Okawaru
  7331 | D:11     | Killed a boulder beetle
  7441 | D:11     | Reached skill level 14 in Axes
  7441 | D:11     | Reached XP level 12. HP: 112/112 MP: 6/14
  7546 | D:11     | Received a gift from Okawaru
  7692 | D:11     | Found a staircase to the Lair.
  7901 | Lair:1   | Entered Level 1 of the Lair of Beasts
  8111 | Lair:1   | Noticed a boulder beetle
  8134 | Lair:1   | Killed a boulder beetle
  8238 | Lair:1   | Noticed Erica
  8247 | Lair:1   | Killed Erica
  8657 | Lair:1   | Reached skill level 15 in Axes
  8993 | Lair:2   | Found a staircase to the Snake Pit.
  9917 | Lair:3   | Found a staircase to the Shoals.
 10107 | Lair:3   | Identified the +4 executioner's axe of Victory {vorpal,
                  | rElec rN++ Str-5} (Okawaru gifted it to you on level 3 of
                  | the Lair of Beasts)
 10107 | Lair:3   | Received a gift from Okawaru
 10507 | Lair:3   | Reached XP level 13. HP: 124/124 MP: 8/15
 10614 | Lair:3   | Reached skill level 16 in Axes
 11087 | Lair:4   | Received a gift from Okawaru
 11385 | Lair:4   | Reached skill level 15 in Fighting
 11959 | Lair:5   | Entered Level 5 of the Lair of Beasts
 12013 | Lair:5   | Reached skill level 17 in Axes
 12013 | Lair:5   | Received a gift from Okawaru
 12339 | Lair:5   | Reached XP level 14. HP: 112/137 MP: 8/16
 12370 | Lair:5   | Found a gate leading to a gauntlet.
 12379 | Gauntlet | Entered a Gauntlet
 12379 | Gauntlet | Found a transporter.
 12379 | Gauntlet | Found a transporter.
 12383 | Gauntlet | Found a transporter.
 12383 | Gauntlet | Found a transporter.
 12403 | Gauntlet | Found a transporter.
 12415 | Gauntlet | Found a transporter.
 12416 | Gauntlet | Found a transporter.
 12423 | Gauntlet | Found a transporter.
 12440 | Gauntlet | Found a transporter.
 12455 | Gauntlet | Found a transporter.
 12459 | Gauntlet | Found a transporter.
 12468 | Gauntlet | Found a transporter.
 12960 | Lair:5   | Reached skill level 18 in Axes
 13181 | Lair:5   | Found a viscous altar of Jiyva.
 13181 | Lair:5   | Found a staircase to the Slime Pits.
 13485 | Lair:5   | Received a gift from Okawaru
 14243 | Orc:1    | Entered Level 1 of the Orcish Mines
 14538 | Orc:1    | Found Yxiwoqygh's Antique Armour Boutique.
 14592 | Orc:1    | Bought a pair of runed boots for 172 gold pieces
 14784 | Orc:2    | Entered Level 2 of the Orcish Mines
 14793 | Orc:2    | Found a staircase to the Elven Halls.
 14929 | Orc:2    | HP: 1/140 [orc priest/divine providence (11)]
 14930 | Orc:2    | Killed from afar by an orc priest

Illustrated notes

Levels and vault maps discovered:
D:1:      giann_bridges, layout_basic, serial_shops, shop,
          minmay_indecisive_spiral
D:2:      layout_loops_ring, serial_forest, infiniplex_forest_clump_double,
          infiniplex_forest_lined_corner, infiniplex_forest_end_2,
          infiniplex_forest_clump_small, infiniplex_forest_straight_4,
          infiniplex_forest_straight_5, serial_shops, nicolae_shop_crystal,
          nicolae_shop_hallway_plus, nicolae_shop_waterfront, shop_fountains
D:3:      kennysheep_goblin_castle, layout_loops_ring,
          nicolae_ru_sacrificial_ziggurat
D:4:      layout_cave_pools, okawaru_trees_2, hellmonk_ghost_happy_afterlife
D:5:      layout_rooms, general_overflow_altar, nicolae_overflow_two_pavilions,
          gammafunk_ghost_stat_death, uniq_grinder, uniq_pikel
D:6:      layout_loops_ring, jmf_multi_god_temple2, ebering_ghost_rock_garden
D:7:      layout_cave_pools, bloody_trog, minmay_temple_entry_junction
D:8:      layout_basic, minmay_misc_feat_four_crosses
D:9:      layout_grid_maze, nicolae_shop_self_help
D:10:     minmay_slanted_spiral_squares, layout_irregular_city,
          pf_just_have_faith, orc_0_dummy
D:11:     layout_small_grid, lair_entry_dummy
Lair:1:   kb_forest_paths, layout_regular_city, small_statue_intersection,
          nicolae_quartered_pool_medium, uniq_erica
Lair:2:   layout_gridlike, guppyfry_snake_entry_island, worms_lemuel,
          grunt_megastairs_2
Lair:3:   layout_cave_pods, elwin_shoals_entry_rocks, dreamdust_wasp_nest,
          serial_bayou_shore_a
Lair:4:   layout_loops_ring, grunt_megastairs_3, infiniplex_staircase_pool_2
Lair:5:   evilmike_catoblepas_cave, layout_cave_pods,
          minmay_slime_entry_oklob_open, gauntlet_entry_generic,
          eino_house_with_fridge
Orc:1:    layout_diamond_mine, serial_shops, nicolae_shop_behind_doors
Orc:2:    st_orc_mages, layout_diamond_mine

Skill      XL: |  1  2  3  4  5  6  7  8  9 10 11 12 13 14 |
---------------+-------------------------------------------+-----
Axes           | 3 4 5 7 8 10 11 14 15 17 18 | 18.0
Fighting       | 4 5 6 7 9 12 14 16 17 | 17.6
Shields        | 4 5 6 7 9 10 11 13 14 | 14.7
Armour         | 4 5 6 7 9 10 11 13 14 | 14.8
Throwing       | 1 2 3 4 5 |  5.0
Invocations    | 2 3 5 |  5.0

Action                   |  1- 3 |  4- 6 |  7- 9 | 10-12 | 13-15 || total
-------------------------+-------+-------+-------+-------+-------++-------
Melee: War axe           |    85 |   167 |   139 |   388 |   488 ||  1267
       Headbutt          |     8 |    23 |    25 |   101 |   140 ||   297
Throw: Dart              |       |    16 |     6 |     8 |       ||    30
Invok: Heroism           |       |       |    13 |    36 |    27 ||    76
       Finesse           |       |       |       |    12 |    15 ||    27
  Use: Scroll            |     4 |     6 |    12 |    11 |     7 ||    40
       Potion            |       |     1 |       |       |       ||     1
 Stab: Distracted        |       |       |       |       |     2 ||     2
       Petrified         |       |       |       |       |     1 ||     1
Armor: Scale mail        |    53 |    67 |    92 |    26 |       ||   238
       Chain mail        |       |    40 |       |       |    12 ||    52
       Plate armour      |       |       |       |   157 |   265 ||   422
Dodge: Dodged            |    46 |    81 |    67 |   154 |   176 ||   524
Block: Buckler           |    25 |    49 |    36 |       |       ||   110
       Kite shield       |       |       |    16 |   224 |   298 ||   538

Table legend: (Time is in decaauts)
 A = Elapsed time spent in this place.
 B = Non-inter-level travel time spent in this place.
 C = Inter-level travel time spent in this place.
 D = Time resting spent in this place.
 E = Time spent auto-exploring this place.
 F = Levels seen in this place.
 G = Mean time per level.
                   A        B        C        D        E       F      G
               +--------+--------+--------+--------+--------+-----+--------+
         Total |  14806 |  13976 |    830 |      0 |   8139 |  19 |  779.3 |
       Dungeon |   8012 |   7456 |    556 |      0 |   4445 |  11 |  728.4 |
          Lair |   5579 |   5339 |    240 |      0 |   3432 |   5 | 1115.8 |
  Orcish Mines |    674 |    641 |     33 |      0 |    262 |   2 |  337.0 |
      Gauntlet |    539 |    539 |      0 |      0 |      0 |   1 |  539.0 |
               +--------+--------+--------+--------+--------+-----+--------+

Top non-repeatable levels by time:
  Lair:5: 1476 daAuts
  Lair:3: 1102 daAuts
  Lair:2: 1059 daAuts
     D:3: 1028 daAuts
  Lair:1: 981 daAuts
  Lair:4: 960 daAuts
    D:10: 910 daAuts
     D:2: 896 daAuts
     D:1: 830 daAuts
     D:6: 689 daAuts
     D:9: 676 daAuts
     D:4: 663 daAuts
    D:11: 617 daAuts
     D:7: 576 daAuts
     D:8: 576 daAuts
